 Dungeon Crawl Stone Soup version 0.28.0-43-g3370ac3207 (webtiles) character file.

Game seed: 16815027039920056093

81 Ablot the Grasshopper (level 4, 0/38 HPs)
             Began as a Gnoll Warper on Mar 5, 2022.
             Killed by divine providence
             ... invoked by an orc priest
              (15 damage)
             ... on level 4 of the Dungeon.
             The game lasted 00:02:56 (2815 turns).

Ablot the Grasshopper (Gnoll Warper)                Turns: 2815, Time: 00:02:57

Health: 0/38       AC:  5    Str: 12    XL:     4   Next: 40%
Magic:  9/11       EV: 12    Int: 13    God:
Gold:   101        SH:  0    Dex: 11    Spells: 11/13 levels left

rFire   . . .      SeeInvis .   a - +0 spear
rCold   . . .      Faith    .   (no shield)
rNeg    . . .      Spirit   .   b - +0 leather armour
rPois   .          Reflect  .   n - +0 helmet
rElec   .          Harm     .   (no cloak)
rCorr   .          Rampage  .   (no gloves)
Will    .....                   q - +0 pair of boots
Stlth   +.........              (no amulet)
HPRegen 0.12/turn               (no ring)
MPRegen 0.12/turn               (no ring)

@: no status effects
A: fangs 1, strong nose, distributed training
a: no special abilities


You were on level 4 of the Dungeon.
You visited 1 branch of the dungeon, and saw 4 of its levels.

You collected 101 gold pieces.

Inventory:

Hand Weapons
 a - a +0 spear (weapon)
 e - a +0 hunting sling
Missiles
 d - 5 boomerangs of dispersal (quivered)
 g - 84 stones
 j - 21 bolts
 k - 43 arrows
Armour
 b - a +0 leather armour (worn)
 n - a +0 helmet (worn)
 q - a +0 pair of boots (worn)
Scrolls
 c - 2 scrolls of blinking
 f - a scroll of vulnerability {unknown}
 i - 4 scrolls of teleportation {unknown}
 l - a scroll of noise {unknown}
 p - 3 scrolls of identify {unknown}
 t - a scroll of fog {unknown}
 u - a scroll of enchant weapon {unknown}
 v - a scroll of amnesia {unknown}
Potions
 h - a potion of might {unknown}
 m - 2 potions of mutation {unknown}
 o - a potion of invisibility {unknown}
 r - a potion of attraction {unknown}
 s - a potion of degeneration {unknown}
 w - a potion of brilliance {unknown}


   Skills:
 + Level 4.6 Fighting
 + Level 1.1 Short Blades
 + Level 1.1 Long Blades
 + Level 1.1 Axes
 + Level 1.1 Maces & Flails
 + Level 4.6 Polearms
 + Level 1.1 Staves
 + Level 1.1 Slings
 + Level 1.1 Bows
 + Level 1.1 Crossbows
 + Level 2.7 Throwing
 + Level 2.7 Armour
 + Level 4.6 Dodging
 + Level 1.1 Stealth
 + Level 1.1 Shields
 + Level 1.1 Unarmed Combat
 + Level 5.1 Spellcasting
 + Level 0.9 Conjurations
 + Level 0.9 Hexes
 + Level 0.9 Summonings
 + Level 0.9 Necromancy
 + Level 5.4 Translocations
 + Level 0.9 Transmutations
 + Level 0.9 Fire Magic
 + Level 0.9 Ice Magic
 + Level 0.9 Air Magic
 + Level 0.9 Earth Magic
 + Level 0.9 Poison Magic
 + Level 1.2 Invocations
 + Level 1.1 Evocations


You had 11 spell levels left.
You knew the following spells:

 Your Spells              Type           Power      Damage    Failure   Level
a - Blink                 Tloc           34%        N/A       3%          2

Your spell library contained the following spells:

 Spells                   Type           Power      Damage    Failure   Level
 Gell's Gravitas          Tloc           17%        N/A       8%          3
 Lesser Beckoning         Tloc           17%        N/A       8%          3
 Teleport Other           Tloc           17%        N/A       8%          3
 Sting                    Tmut/Pois      20%        1d4       16%         1
 Poisonous Vapours        Pois/Air       10%        N/A       24%         2
 Manifold Assault         Tloc           17%        N/A       56%         5
 Olgreb's Toxic Radiance  Pois           5%         N/A       85%         4


Dungeon Overview and Level Annotations

Branches:
Dungeon (4/15)
 Temple: D:4-7

Altars:

Shops:
D:1 (


Innate Abilities, Weirdness & Mutations

You have very sharp teeth.
Your uncanny sense of smell can sniff out nearby items.
Your experience applies equally to all skills.


Message History

An orc priest comes into view. It is wielding a +0 falchion.
The orc priest shouts!
You hit the orc but do no damage. The orc closely misses you.
The orc hits you but does no damage.
You barely miss the orc. Your bite misses the orc. The orc closely misses you.
You barely miss the orc. The quokka closely misses you.
You barely miss the orc. The quokka bites you. The orc barely misses you.
The orc hits you with a +0 hand axe.
You closely miss the orc. Your bite misses the orc.
The quokka barely misses you.
You barely miss the orc. You bite the orc.
The orc is lightly wounded.
The quokka bites you. The orc hits you with a +0 hand axe.
The orc barely misses you. The orc closely misses you.
The quokka closely misses you.
You hit the orc but do no damage.
The orc is lightly wounded.
The orc closely misses you.
The orc priest mumbles some strange prayers to Beogh against you.
Pain shoots through your body! The orc hits you but does no damage.
The orc hits you with a +0 dagger.
You are too injured to fight recklessly!
You are too injured to fight recklessly!
You are too injured to fight recklessly!
You are too injured to fight recklessly!
You are too injured to fight recklessly!
You are too injured to fight recklessly!
You are too injured to fight recklessly!
You are too injured to fight recklessly!
You are too injured to fight recklessly!
You can't go up here!
Unknown command.
Casting: Blink (safe; 3% risk of failure)
Confirm with . or Enter, or press ? or * to list all spells.
You blink.
The orc priest casts a cantrip, but nothing happens.
You feel stable enough to blink again.
The orc priest invokes the aid of Beogh against you.
Beogh smites you!
You die...

#..# #.#..........# #<#
#.#..........#
#.###.....o!$....#
#.......)........
#........o#o..#######
#######..............
###...##.or.......
#...#.##.......... ..###
#.###.##..@.......
#.....#.###.###..#######
..##....##.###...#####
#....##.##.#...#.....#
##...................#
#.#######........<..#
#.. #........†..# ...
##...##.....# ..
...###....##.....#


You could see an orc priest, 3 orcs and a quokka.

Vanquished Creatures
  2 adders
  3 dart slugs
  An orc (D:3)
  8 endoplasms
  A giant cockroach (D:2)
  7 goblins
  6 hobgoblins
  2 quokkas
  3 ball pythons (D:2)
  8 bats
  2 frilled lizards
  6 kobolds
  6 rats
55 creatures vanquished.

Notes
Turn   | Place    | Note
-------+----------+-------------------------------------------
     0 | D:1      | Ablot the Gnoll Warper began the quest for the Orb.
     0 | D:1      | Reached XP level 1. HP: 20/20 MP: 6/6
   152 | D:1      | Reached XP level 2. HP: 25/26 MP: 7/7
   155 | D:1      | Learned a level 2 spell: Blink
   777 | D:1      | Found Pituvvoaqe's Weapon Shop.
   986 | D:1      | Found a faded altar of an unknown god.
  1044 | D:1      | Reached XP level 3. HP: 31/31 MP: 9/9
  1107 | D:2      | Reached skill level 5 in Spellcasting
  1332 | D:2      | Reached skill level 1 in Invocations
  2169 | D:3      | Reached skill level 1 in Short Blades
  2169 | D:3      | Reached skill level 1 in Long Blades
  2169 | D:3      | Reached skill level 1 in Axes
  2169 | D:3      | Reached skill level 1 in Maces & Flails
  2169 | D:3      | Reached skill level 1 in Staves
  2169 | D:3      | Reached skill level 1 in Slings
  2169 | D:3      | Reached skill level 1 in Bows
  2169 | D:3      | Reached skill level 1 in Crossbows
  2169 | D:3      | Reached skill level 1 in Stealth
  2169 | D:3      | Reached skill level 1 in Shields
  2169 | D:3      | Reached skill level 1 in Unarmed Combat
  2169 | D:3      | Reached skill level 1 in Evocations
  2169 | D:3      | Reached XP level 4. HP: 38/38 MP: 11/11
  2815 | D:4      | Killed from afar by an orc priest

Illustrated notes

Levels and vault maps discovered:
D:1:      amcnicky_arrival_flooded_fountain, layout_basic, serial_shops,
          nicolae_lakefront_shop, shapermc_ecumenical_altar_hornbeckon,
          moated_statue, minmay_door_square
D:2:      layout_basic, minmay_fountain_box
D:3:      layout_loops_ring
D:4:      layout_rooms

Skill      XL: |  1  2  3 |
---------------+----------+-----
Spellcasting   | 5 |  5.1
Invocations    | 1 |  1.2
Short Blades   | 1 |  1.1
Long Blades    | 1 |  1.1
Axes           | 1 |  1.1
Maces & Flails | 1 |  1.1
Staves         | 1 |  1.1
Slings         | 1 |  1.1
Bows           | 1 |  1.1
Crossbows      | 1 |  1.1
Stealth        | 1 |  1.1
Shields        | 1 |  1.1
Unarmed Combat | 1 |  1.1
Evocations     | 1 |  1.1
Fighting       | |  4.6
Polearms       | |  4.6
Throwing       | |  2.7
Armour         | |  2.7
Dodging        | |  4.6
Conjurations   | |  0.9
Hexes          | |  0.9
Summonings     | |  0.9
Necromancy     | |  0.9
Translocations | |  5.4
Transmutations | |  0.9
Fire Magic     | |  0.9
Ice Magic      | |  0.9
Air Magic      | |  0.9
Earth Magic    | |  0.9
Poison Magic   | |  0.9

Action                   |  1- 3 |  4- 6 || total
-------------------------+-------+-------++-------
Melee: Spear             |   161 |    46 ||   207
       Bite              |    16 |     5 ||    21
       Punch             |       |     1 ||     1
 Cast: Blink             |       |     1 ||     1
 Stab: Sleeping          |     1 |     1 ||     2
Armor: Leather armour    |    26 |     7 ||    33
Dodge: Dodged            |    52 |    20 ||    72
